 Dungeon Crawl Stone Soup version 0.30-a0-374-g95c0257040 (webtiles) character file.

Game seed: 6727967032656749873

93 arthad the Gusty (level 4, -2/32 HPs)
             Began as a Gnoll Air Elementalist on Nov 26, 2022.
             Slain by Grinder (6 damage)
             ... on level 3 of the Dungeon.
             The game lasted 00:04:45 (1648 turns).

arthad the Gusty (Gnoll Air Elementalist)           Turns: 1648, Time: 00:04:46

Health: -2/32      AC:  2    Str:  7    XL:     4   Next: 62%
Magic:  0/11       EV: 13    Int: 17    God:
Gold:   89         SH:  0    Dex: 12    Spells: 7/13 levels left

rFire   . . .      SeeInvis .    g - +1 dagger (elec)
rCold   . . .      Faith    .    (no shield)
rNeg    . . .      Spirit   .    a - +0 robe
rPois   .          Reflect  .    (no helmet)
rElec   .          Harm     .    (no cloak)
rCorr   .          Rampage  .    (no gloves)
Will    .....                    (no boots)
Stlth   ++........               q - amulet of regeneration
HPRegen 1.05/turn                (no ring)
MPRegen 0.12/turn                (no ring)

@: no status effects
A: fangs 1, strong nose, distributed training
a: no special abilities


You were on level 3 of the Dungeon.
You visited 1 branch of the dungeon, and saw 3 of its levels.

You collected 89 gold pieces.

Inventory:

Hand Weapons
 g - a +1 dagger of electrocution (weapon)
 s - a +0 dagger of venom
Missiles
 e - 9 poisoned darts
 r - 6 boomerangs
Armour
 a - a +0 robe (worn)
Jewellery
 q - an amulet of regeneration (around neck)
Scrolls
 h - a scroll of teleportation {unknown}
 i - a scroll of poison {unknown}
 k - 2 scrolls of silence {unknown}
 n - a scroll of noise {unknown}
 o - a scroll of acquirement {unknown}
 p - a scroll of identify {unknown}
Potions
 b - a potion of magic
 c - a potion of mutation {unknown}
 d - a potion of curing {unknown}
 f - a potion of haste {unknown}
 j - a potion of resistance {unknown}
 l - 2 potions of lignification {unknown}
 m - a potion of heal wounds {unknown}


   Skills:
 + Level 1.2 Fighting
 + Level 1.2 Short Blades
 + Level 1.2 Long Blades
 + Level 1.2 Axes
 + Level 1.2 Maces & Flails
 + Level 1.2 Polearms
 + Level 1.2 Staves
 + Level 1.2 Ranged Weapons
 + Level 1.2 Throwing
 + Level 1.2 Armour
 + Level 4.7 Dodging
 + Level 4.3 Stealth
 + Level 1.2 Shields
 + Level 1.2 Unarmed Combat
 + Level 5.1 Spellcasting
 + Level 2.3 Conjurations
 + Level 1.0 Hexes
 + Level 1.0 Summonings
 + Level 1.0 Necromancy
 + Level 1.0 Translocations
 + Level 1.0 Transmutations
 + Level 1.0 Fire Magic
 + Level 1.0 Ice Magic
 + Level 5.5 Air Magic
 + Level 1.0 Earth Magic
 + Level 1.0 Poison Magic
 + Level 1.3 Invocations
 + Level 1.2 Evocations


You had 7 spell levels left.
You knew the following spells:

 Your Spells              Type           Power      Damage    Failure   Level
a - Shock                 Conj/Air       68%        1d7       2%          1
b - Static Discharge      Conj/Air       34%        2-4/arc   4%          2
c - Swiftness             Air            23%        N/A       4%          3

Your spell library contained the following spells:

 Spells                   Type           Power      Damage    Failure   Level
 Apportation              Tloc           14%        N/A       10%         1
 Beastly Appendage        Tmut           14%        N/A       10%         1
 Wereblood                Tmut           7%         N/A       14%         2
 Airstrike                Air            11%        2d(2-18)  14%         4
 Spider Form              Tmut/Pois      7%         N/A       28%         3


Dungeon Overview and Level Annotations

Branches:
Dungeon (3/15)

Altars:

Shops:
D:2 (

Annotations:
D:3 Grinder


Innate Abilities, Weirdness & Mutations

You have very sharp teeth.
Your uncanny sense of smell can sniff out nearby items.
Your experience applies equally to all skills.


Message History

Grinder completely misses you.
You hit Grinder.
Grinder is heavily wounded.
Grinder barely misses you.
You closely miss Grinder.
Grinder is heavily wounded.
Grinder closely misses you.
You hit Grinder but do no damage.
Grinder is heavily wounded.
Grinder hits you.
You writhe in agony.
Aiming: Shock (safe; 2% risk of failure)
Press: ? - help, Q - select action, (/) - cycle Shift-Dir - straight line, f/p - Grinder
Aim: Grinder (heavily wounded, 68% to hit)
The zap misses Grinder.
Grinder hits you.
You writhe in agony.
Unknown command.
Aiming: Shock (safe; 2% risk of failure)
Press: ? - help, Q - select action, (/) - cycle Shift-Dir - straight line, f/p - Grinder
Aim: Grinder (heavily wounded, 68% to hit)
The zap hits Grinder but does no damage.
Grinder is heavily wounded.
Grinder gestures at you. Pain shoots through your body!
* * * LOW HITPOINT WARNING * * *
Aiming: Shock (safe; 2% risk of failure)
Press: ? - help, Q - select action, (/) - cycle Shift-Dir - straight line, f/p - Grinder
Aim: Grinder (heavily wounded, 68% to hit)
The zap hits Grinder.
Grinder is heavily wounded.
Grinder barely misses you.
Unknown command.
Aiming: Shock (safe; 2% risk of failure)
Press: ? - help, Q - select action, (/) - cycle Shift-Dir - straight line, f/p - Grinder
Aim: Grinder (heavily wounded, 68% to hit)
The zap hits Grinder.
Grinder is heavily wounded.
Grinder hits you.
* * * LOW HITPOINT WARNING * * *
You writhe in agony.
You die...

................
................
................
................
.....##.........
.......†)......<
......†<........
........)####...
........@# .
.........5......
##..............
#..............
...........##...
............ ..
............ .
.............


You could see Grinder.

Vanquished Creatures
  Jessica (D:2)
  2 adders (D:2)
  An orc (D:3)
  A ball python (D:3)
  7 endoplasms
  3 giant cockroaches
  8 goblins
  2 hobgoblins (D:2)
  3 jackals
  A quokka (D:2)
  3 bats
  5 frilled lizards
  5 kobolds
  5 rats
47 creatures vanquished.

Notes
Turn   | Place    | Note
-------+----------+-------------------------------------------
     0 | D:1      | arthad the Gnoll Air Elementalist began the quest for the
                  | Orb.
     0 | D:1      | Reached XP level 1. HP: 13/13 MP: 6/6
   287 | D:1      | Reached XP level 2. HP: 19/19 MP: 5/7
   789 | D:2      | Reached skill level 5 in Spellcasting
   789 | D:2      | Reached XP level 3. HP: 25/25 MP: 5/9
   840 | D:2      | Found Katiesh's Weapon Shoppe.
  1016 | D:2      | Reached skill level 1 in Invocations
  1019 | D:2      | Learned a level 2 spell: Static Discharge
  1023 | D:2      | Learned a level 3 spell: Swiftness
  1096 | D:2      | Noticed Jessica
  1099 | D:2      | Killed Jessica
  1100 | D:2      | Reached skill level 1 in Fighting
  1100 | D:2      | Reached skill level 1 in Short Blades
  1100 | D:2      | Reached skill level 1 in Long Blades
  1100 | D:2      | Reached skill level 1 in Axes
  1100 | D:2      | Reached skill level 1 in Maces & Flails
  1100 | D:2      | Reached skill level 1 in Polearms
  1100 | D:2      | Reached skill level 1 in Staves
  1100 | D:2      | Reached skill level 1 in Ranged Weapons
  1100 | D:2      | Reached skill level 1 in Throwing
  1100 | D:2      | Reached skill level 1 in Armour
  1100 | D:2      | Reached skill level 1 in Shields
  1100 | D:2      | Reached skill level 1 in Unarmed Combat
  1100 | D:2      | Reached skill level 1 in Evocations
  1100 | D:2      | Reached XP level 4. HP: 32/32 MP: 7/11
  1144 | D:2      | Got Jessica's Spellbook of Transposition
  1505 | D:2      | Reached skill level 1 in Hexes
  1505 | D:2      | Reached skill level 1 in Summonings
  1505 | D:2      | Reached skill level 1 in Necromancy
  1505 | D:2      | Reached skill level 1 in Translocations
  1505 | D:2      | Reached skill level 1 in Transmutations
  1505 | D:2      | Reached skill level 1 in Fire Magic
  1505 | D:2      | Reached skill level 1 in Ice Magic
  1505 | D:2      | Reached skill level 1 in Earth Magic
  1505 | D:2      | Reached skill level 1 in Poison Magic
  1631 | D:3      | Noticed Grinder
  1648 | D:3      | Slain by Grinder

Illustrated notes

Levels and vault maps discovered:
D:1:      nicolae_arrival_memento_mori, layout_basic
D:2:      layout_basic, serial_shops, shop, kennysheep_jessica_study
D:3:      layout_basic, uniq_terence, uniq_ijyb, uniq_grinder

Skill      XL: |  1  2  3  4 |
---------------+-------------+-----
Conjurations   | 2 |  2.3
Spellcasting   | 5 |  5.1
Invocations    | 1 |  1.3
Fighting       | 1 |  1.2
Short Blades   | 1 |  1.2
Long Blades    | 1 |  1.2
Axes           | 1 |  1.2
Maces & Flails | 1 |  1.2
Polearms       | 1 |  1.2
Staves         | 1 |  1.2
Ranged Weapons | 1 |  1.2
Throwing       | 1 |  1.2
Armour         | 1 |  1.2
Shields        | 1 |  1.2
Unarmed Combat | 1 |  1.2
Evocations     | 1 |  1.2
Hexes          | 1 |  1.0
Summonings     | 1 |  1.0
Necromancy     | 1 |  1.0
Translocations | 1 |  1.0
Transmutations | 1 |  1.0
Fire Magic     | 1 |  1.0
Ice Magic      | 1 |  1.0
Earth Magic    | 1 |  1.0
Poison Magic   | 1 |  1.0
Dodging        | |  4.7
Stealth        | |  4.3
Air Magic      | |  5.5

Action                   |  1- 3 |  4- 6 || total
-------------------------+-------+-------++-------
Melee: Dagger            |       |     7 ||     7
 Cast: Shock             |    51 |    37 ||    88
Armor: Robe              |     2 |     2 ||     4
Dodge: Dodged            |     9 |    14 ||    23

Table legend: (Time is in decaauts)
 A = Elapsed time spent in this place.
 B = Non-inter-level travel time spent in this place.
 C = Inter-level travel time spent in this place.
 D = Time resting spent in this place.
 E = Time spent auto-exploring this place.
 F = Levels seen in this place.
 G = Mean time per level.
                   A        B        C        D        E       F      G
               +--------+--------+--------+--------+--------+-----+--------+
         Total |   1647 |   1617 |     30 |     63 |   1317 |   3 |  549.0 |
       Dungeon |   1647 |   1617 |     30 |     63 |   1317 |   3 |  549.0 |
               +--------+--------+--------+--------+--------+-----+--------+

Top non-repeatable levels by time:
     D:2: 961 daAuts
     D:1: 645 daAuts
     D:3: 40 daAuts
